 Dungeon Crawl Stone Soup version 0.26.0-16-gc1dbca0489 (webtiles) character file.

Game seed: 7847484182729688751

44 iamserjio the Shield-Bearer (level 3, 0/34 HPs)
             Began as a Deep Dwarf Fighter on Jan 18, 2021.
             Was a Plaything of Xom.
             Slain by a gnoll
             ... wielding a +0 spear
              (5 damage)
             ... on level 2 of the Dungeon.
             The game lasted 00:02:04 (284 turns).

iamserjio the Shield-Bearer (Deep Dwarf Fighter)     Turns: 284, Time: 00:02:04

Health: 0/34       AC:  6    Str: 20    XL:     3   Next: 39%
Magic:  2/2        EV:  7    Int:  8    God:    Xom [..*...]
Gold:   9          SH:  9    Dex: 12    Spells: 2/2 levels left

rFire    . . .     SeeInvis +   a - +0 war axe
rCold    . . .     Faith    .   c - +0 kite shield
rNeg     . . .     Spirit   .   b - +0 scale mail
rPois    .         Reflect  .   (no helmet)
rElec    .         Harm     .   (no cloak)
rCorr    .         Rampage  .   (no gloves)
Will     +....                  (no boots)
Stlth    ..........             (no amulet)
HPRegen  0.00/turn              h - ring of see invisible
MPRegen  0.08/turn              i - ring of willpower

@: mighty, brilliant, non-regenerating
A: damage resistance, heal wounds, sense surroundings 1, no regeneration
a: Heal Wounds, Renounce Religion


You were on level 2 of the Dungeon.
You worshipped Xom.
You were a toy of Xom.
You visited 1 branch of the dungeon, and saw 2 of its levels.

You collected 9 gold pieces.

Inventory:

Hand Weapons
 a - a +0 war axe (weapon)
Missiles
 j - 10 poisoned darts
Armour
 b - a +0 scale mail (worn)
 c - a +0 kite shield (worn)
Jewellery
 h - a ring of see invisible (left hand)
 i - a ring of willpower (right hand)
Scrolls
 k - 3 scrolls of immolation {unknown}
 l - a scroll of magic mapping {unknown}
 m - a scroll of noise {unknown}
Potions
 e - a potion of brilliance {unknown}
 f - a potion of curing {unknown}
 g - a potion of mutation {unknown}


   Skills:
 + Level 3.1 Fighting
 * Level 3.4 Axes
 - Level 3.2 Armour
 + Level 3.7 Shields


You had 2 spell levels left.
You didn't know any spells.
Your spell library was empty.

Dungeon Overview and Level Annotations

Branches:
Dungeon (2/15)

Altars:
Wu Jian
Xom


Innate Abilities, Weirdness & Mutations

You are resistant to damage.
You can heal yourself by infusing magical energy.
You passively map a small area around you.
You do not regenerate.


Message History

You block the gnoll's attack. The bullfrog hits you!
* * * LOW HITPOINT WARNING * * *
Your magical essence is drained by the effort!
You feel much better.
The gnoll hits you from afar with a +0 spear.
You block the bullfrog's attack. The bullfrog hits you.
You block the gnoll's attack. You block the bullfrog's attack.
Things that are here:
a cursed -2 club; a +0 flail; a hobgoblin corpse You slash the bullfrog!
You hit the gnoll. The bullfrog hits you. The gnoll hits you with a +0 spear!
* * * LOW HITPOINT WARNING * * *
You block the bullfrog's attack.
You closely miss the gnoll. You closely miss the bullfrog.
You block the gnoll's attack. The bullfrog hits you.
* * * LOW HITPOINT WARNING * * *
The gnoll hits you with a +0 spear.
You die...
Xom bursts into laughter!

........###...##
*
###............#
* ###########..#
* ##.## #..# *,
##.## , * #..# *
#######_##*,
......F@†# *
..$....g.#* *
....?......
*..........#.#
......###.# #
...... .# *
...... .# ......
,.# , , * *


You could see a bullfrog and a gnoll.

Vanquished Creatures
  2 gnolls (D:2)
  An ooze (D:2)
  A worm (D:2)
  A dart slug (D:1)
  A leopard gecko (D:2)
  2 bats (D:2)
  2 goblins
  2 hobgoblins (D:2)
  3 frilled lizards
  2 kobolds (D:1)
  2 rats
19 creatures vanquished.

Notes
Turn   | Place    | Note
-------+----------+-------------------------------------------
     0 | D:1      | iamserjio the Deep Dwarf Fighter began the quest for the
                  | Orb.
     0 | D:1      | Reached XP level 1. HP: 20/20 MP: 1/1
   146 | D:2      | Reached XP level 2. HP: 17/27 MP: 2/2
   199 | D:2      | Found a shimmering altar of Xom.
   243 | D:2      | Found a faded altar of an unknown god.
   255 | D:2      | Became a worshipper of Xom of Chaos
   264 | D:2      | Found an ornate altar of the Wu Jian Council.
   272 | D:2      | Noticed a bullfrog
   273 | D:2      | XOM: potion effect (brilliance)
   275 | D:2      | Reached XP level 3. HP: 17/34 MP: 3/3
   284 | D:2      | Slain by a gnoll

Illustrated notes

Levels and vault maps discovered:
D:1:      dpeg_arrival_simpleton_a, layout_basic, grunt_decor_one_mirror,
          hangedman_decor_opposing
D:2:      layout_basic, overflow_temple_1_default,
          chequers_ecumenical_altar_simple_redux, serial_park_tiny_1,
          brannock_xom_greatest_gift

Skill      XL: |  1  2 |
---------------+-------+-----
Axes           | 3 |  3.4
Fighting       | 3 |  3.1
Armour         | |  3.2
Shields        | |  3.7

Action                   || total
-------------------------++-------
Melee: War axe           ||    38
 Abil: Heal Wounds       ||     1
  Use: Potion            ||     1
Armor: Scale mail        ||    27
Dodge: Dodged            ||    18
Block: Kite shield       ||    34
